 Dungeon Sprint DCSS version 0.29.1-2-gbd0b4ee654 (webtiles) character file.

Game seed: 10231656593066043380

16230 concon the Necromancer (level 12, 0/96 HPs)
             Began as a Demonspawn Necromancer on Nov 26, 2022.
             Was the Champion of Sif Muna.
             Slain by an emperor scorpion (8 damage)
             ... summoned by a royal mummy
             ... in the Dungeon (Sprint V: "Ziggurat Sprint").
             The game lasted 00:17:25 (1567 turns).

concon the Necromancer (Demonspawn Necromancer)     Turns: 1567, Time: 00:17:26

Health: 0/96       AC:  8    Str: 10    XL:     12   Next: 8%
Magic:  33/33      EV: 24    Int: 25    God:    Sif Muna [******]
Gold:   0          SH:  0    Dex: 15    Spells: 2/34 levels left

rFire   + . .      SeeInvis .   A - +6 Majin-Bo {vamp, MP+6 Int+6}
rCold   . . .      Faith    .   (shield currently unavailable)
rNeg    . . .      Spirit   .   B - +1 robe {rF+}
rPois   .          Reflect  .   (no helmet)
rElec   .          Harm     .   D - +1 cloak {Stlth+}
rCorr   .          Rampage  .   (no gloves)
Will    .....      NoTele   +   (no boots)
Stlth   ++++......              H - amulet of Vitality {RegenMP++ Regen++}
HPRegen 1.86/turn               E - ring of Larigh {Wiz Slay+6}
MPRegen 1.03/turn               k - ring of the Hare {EV+8}

@: lethally poisoned (0 -> -2), death channelling, flayed
A: slimy green scales 2, ignite blood 1, demonic magic 1, demonic touch 2
a: Renounce Religion, Channel Magic, Forget Spell, Divine Exegesis


You were in the Dungeon.
You worshipped Sif Muna.
Sif Muna was exalted by your worship.
You visited 1 branch

Inventory:

Hand Weapons
 A - the +6 Majin-Bo (weapon) {vamp, MP+6 Int+6}
   (You found it in the Dungeon)

   It heals its wielder for a portion of the damage dealt when they wound a
   living foe with it or with a spell.
   Its wielder's spells cost health as well as magical power.
   Int:       It affects your intelligence (+6).
   MP:        It affects your magic capacity (+6).
Armour
 a - a +0 robe
 B - a +1 robe of fire resistance (worn)
 D - a +1 cloak of stealth (worn)
Jewellery
 i - a +6 ring of intelligence
 k - the ring of the Hare (right hand) {EV+8}
   (You found it in the Dungeon)

   [ring of evasion]

   EV:        It affects your evasion (+8).
 s - a ring of flight
 t - a +6 ring of dexterity
 u - a +6 ring of dexterity
 v - a +6 ring of intelligence
 w - a +6 ring of intelligence
 x - a +6 ring of strength
 y - a +6 ring of strength
 C - a ring of see invisible
 E - the ring of Larigh (left hand) {Wiz Slay+6}
   (You found it in the Dungeon)

   [ring of wizardry]

   It improves your spell success rate.
   Slay:      It affects your accuracy & damage with ranged weapons and melee
   (+6).
 F - a ring of protection from cold
 G - a ring of poison resistance
 H - the amulet of Vitality (around neck) {RegenMP++ Regen++}
   (You found it in the Dungeon)

   [amulet of magic regeneration]

   It increases your rate of magic regeneration.
   Regen:     It increases your rate of health regeneration.
 K - the amulet "Vighausch" {*Slow rC+++ Regen+ Str+2}
   (You found it in the Dungeon)

   [amulet of regeneration]

   Str:       It affects your strength (+2).
   rC:        It renders you almost immune to cold.
   Regen:     It increases your rate of health regeneration.
   *Slow:     It may slow you when you take damage.
 L - a +6 ring of dexterity
 M - the amulet of Voesepam {Reflect Dex+6 Slay+3 SH+5}
   (You found it in the Dungeon)

   [amulet of reflection]

   It reflects blocked missile attacks.
   Dex:       It affects your dexterity (+6).
   Slay:      It affects your accuracy & damage with ranged weapons and melee
   (+3).
   SH:        It affects your SH (+5).
 N - a +6 ring of strength
 O - a ring of fire
Wands
 q - a wand of mindburst (4)
 r - a wand of acid (1)
Scrolls
 g - a scroll of blinking
 m - 4 scrolls of amnesia
 n - 7 scrolls of butterflies
 o - 5 scrolls of identify
 p - 2 scrolls of fear
 I - a scroll of brand weapon
Potions
 b - 8 potions of magic
 c - 9 potions of curing
 d - 9 potions of heal wounds
 e - 6 potions of haste
 f - 3 potions of berserk rage
 h - 2 potions of brilliance
 j - 4 potions of resistance
 l - 5 potions of might
Miscellaneous
 z - a lightning rod (inert) (quivered)
 J - a condenser vane (inert)


   Skills:
 * Level 9.4 Fighting
 + Level 4.5 Staves
 * Level 8.8 Dodging
 + Level 5.0 Stealth
 * Level 11.7 Spellcasting
 + Level 1.0 Hexes
 * Level 18.6 Necromancy
 * Level 5.6 Transmutations
 - Level 6.8 Ice Magic
 * Level 12.2 Invocations
 * Level 12.7 Evocations


You had 2 spell levels left.
You knew the following spells:

 Your Spells              Type           Power      Damage    Failure   Level
a - Necrotise             Necr           100%       1d9       0%          1
b - Vampiric Draining     Necr           82%        2d11      0%          3
c - Simulacrum            Ice/Necr       33%        N/A       1%          6
d - Death Channel         Necr           41%        N/A       1%          6
e - Dispel Undead         Necr           82%        3d27      0%          4
f - Anguish               Hex/Necr       29%        N/A       1%          4
g - Necromutation         Tmut/Necr      33%        N/A       56%         8

Your spell library contained the following spells:

 Spells                   Type           Power      Damage    Failure   Level
 Sublimation of Blood     Necr           82%        N/A       0%          2
 Beastly Appendage        Tmut           84%        N/A       1%          1
 Foxfire                  Conj/Fire      56%        2x1d6     1%          1
 Magic Dart               Conj           56%        1d5       1%          1
 Sandblast                Erth           28%        2d8       1%          1
 Shock                    Conj/Air       56%        1d6       1%          1
 Slow                     Hex            76%        N/A       1%          1
 Sting                    Tmut/Pois      100%       1d8       1%          1
 Ensorcelled Hibernation  Hex/Ice        68%        N/A       1%          2
 Passwall                 Tmut/Erth      23%        N/A       1%          2
 Poisonous Vapours        Pois/Air       28%        N/A       2%          2
 Static Discharge         Conj/Air       14%        3-5/arc   2%          2
 Animate Dead             Necr           82%        N/A       0%          4
 Frozen Ramparts          Ice            96%        1d15      1%          3
 Ozocubu's Armour         Ice            48%        N/A       1%          3
 Spider Form              Tmut/Pois      28%        N/A       1%          3
 Corpse Rot               Necr/Pois/Air  45%        N/A       1%          4
 Ice Form                 Ice/Tmut       45%        N/A       1%          4
 Agony                    Necr           82%        N/A       1%          5
 Confusing Touch          Hex            19%        N/A       3%          3
 Tukima's Dance           Hex            19%        N/A       3%          3
 Dazzling Flash           Conj/Hex       34%        N/A       4%          3
 Inner Flame              Hex/Fire       17%        N/A       4%          3
 Mephitic Cloud           Conj/Pois/Air  14%        N/A       4%          3
 Portal Projectile        Hex/Tloc       34%        N/A       4%          3
 Stone Arrow              Conj/Erth      28%        3d8       4%          3
 Summon Ice Beast         Ice/Summ       31%        N/A       4%          4
 Blade Hands              Tmut           21%        N/A       4%          5
 Borgnjor's Revivificati  Necr           41%        N/A       5%          8
 Infestation              Necr           41%        N/A       5%          8
 Metabolic Englaciation   Hex/Ice        17%        N/A       9%          5
 Yara's Violent Unravell  Hex/Tmut       15%        3d8       12%         5
 Iskenderun's Mystic Bla  Conj/Tloc      14%        2d5       16%         4
 Olgreb's Toxic Radiance  Pois           14%        N/A       16%         4
 Summon Lightning Spire   Summ/Air       14%        N/A       16%         4
 Freezing Cloud           Conj/Ice/Air   13%        6-21      17%         5
 Haunt                    Necr/Summ      28%        N/A       28%         7
 Summon Mana Viper        Hex/Summ       17%        N/A       34%         5
 Fireball                 Conj/Fire      7%         3d5       41%         5
 Summon Forest            Summ/Tloc      7%         N/A       41%         5
 Eringya's Noxious Bog    Tmut/Pois      14%        N/A       58%         6
 Statue Form              Tmut/Erth      18%        N/A       58%         6
 Death's Door             Necr           41%        N/A       58%         9
 Dragon Form              Tmut           21%        N/A       77%         7
 Conjure Ball Lightning   Conj/Air       7%         3x3d6     91%         6
 Starburst                Conj/Fire      7%         6d4       91%         6
 Storm Form               Tmut/Air       14%        N/A       98%         7
 Monstrous Menagerie      Summ           7%         N/A       100%        7
 Summon Hydra             Summ           7%         N/A       100%        7
 Maxwell's Capacitive Co  Air            7%         ∞         100%        8
 Chain Lightning          Conj/Air       7%         3d9       100%        9


Dungeon Overview and Level Annotations

Branches:
Dungeon (1/1)

Altars:
Ashenzari
Cheibriados
Dithmenos
Fedhas
Gozag
Hepliaklqana
Kikubaaqudgha
Makhleb
Nemelex Xobeh
Okawaru
Qazlal
Ru
Sif Muna
Trog
Uskayaw
Vehumet
Wu Jian
Xom
Yredelemnul
Jiyva
Lugonu


Innate Abilities, Weirdness & Mutations

You are mostly covered in slimy green scales. (AC +3)
Your demonic aura sometimes causes spilled blood to erupt in flames.
Spells you cast may paralyse adjacent enemies.
Your touch may inflict irresistible damage on your foes.


Message History

The royal mummy is engulfed in blazing flames.
The royal mummy calls on the powers of darkness!
The emperor scorpion convulses! x2; Your body is wracked with pain!
* * * LOW HITPOINT WARNING * * *
The emperor scorpion convulses! x3
The royal mummy is engulfed in blazing flames.
The necrophage is engulfed in blazing flames.
The flayed ghost is engulfed in blazing flames.
The flayed ghost cries, "Suffer as I suffered!"
Terrible wounds spread across more of your body!
* * * LOW HITPOINT WARNING * * *
The death scarab is engulfed in blazing flames.
The death scarab completely misses you.
The death scarab is engulfed in blazing flames. x2
The death scarab completely misses you.
The death scarab is engulfed in blazing flames.
Unknown command.
Okay, then.
You feel much better.
You feel very sick. The death scarab misses you.
The death scarab is engulfed in blazing flames.
The death scarab bites you!
* * * LOW HITPOINT WARNING * * *
The death scarab draws strength from your injuries!
The death scarab bites you but does no damage.
The death scarab is engulfed in blazing flames.
The death scarab barely misses you.
The flying skull is engulfed in blazing flames.
The death scarab is engulfed in blazing flames.
You destroy the death scarab!
The death scarab's corpse disappears in a puff of smoke!
The death scarab is engulfed in blazing flames.
The death scarab bites you!
* * * LOW HITPOINT WARNING * * *
The death scarab draws strength from your injuries!
The emperor scorpion is engulfed in blazing flames.
The emperor scorpion closely misses you.
The emperor scorpion claws you!
You die...

..))[:|)"..▓.▓....▓.▓.▓
▓..§§§§§§!§.▓...©....▓..
▓..§§§§§§W§.▓▓▓▓▓▓▓▓▓▓▓▓
▓...§WMMZ§§.▓...8©8...▓.
▓...ZZ§zB§n.▓..)|.)...▓.
▓...§§MssM§§▓...|)....▓.
▓....{§§§M§.▓.........▓.
▓..▓..Mss▓.○▓.........▓.
▓....BB@sB.°▓....)....▓.
▓.....BBB...▓.........▓.
▓▓▓▓▓▓▓▓▓▓▓▓▓.▓...).▓.▓.
▓....8©8....▓....©....▓.
▓..)|:[[)|..▓▓▓▓▓▓▓▓▓▓▓▓
▓...))).[...▓...8©8...▓.
▓.......÷...▓...)[....▓.
▓...........▓...)|}...▓.
▓...........▓.........▓.


You could see 3 royal mummies, 5 emperor scorpions, 3 mummy priests, 2 flayed
ghosts, 7 death scarabs, a necrophage (summoned), a flying skull, a ball python
zombie (summoned), a ball python skeleton (summoned) and a quokka skeleton
(summoned).

Vanquished Creatures
  A lich (D)
  A rockslime (D)
  A vault guard (D)
  A great orb of eyes (D)
  A centaur warrior (D)
  An anaconda (shapeshifter) (D)
  A skeletal warrior (D)
  3 ugly things (D)
  A toenail golem (D)
  An apocalypse crab (D)
  A guardian serpent (shapeshifter) (D)
  An eye of devastation (D)
  A cane toad (shapeshifter) (D)
  A yaktaur (shapeshifter) (D)
  5 slime creatures (D)
  A shadow (D)
  A large abomination (D)
  A water moccasin (D)
  A hell hound (D)
  A floating eye (D)
  A wolf (D)
  2 phantoms (D)
  A necrophage (D)
  An earth elemental (D)
  4 wights (D)
  A crimson imp (D)
  2 jellies (D)
  3 quasits (D)
  2 iguanas (D)
  3 mummies (D)
  2 adders (D)
  A shadow imp (D)
  A white imp (D)
  4 ufetubi (D)
  3 adder skeletons (D)
  2 adder zombies (D)
  A ball python (D)
  A bat skeleton (D)
  2 bat zombies (D)
  2 endoplasms (D)
  A jackal (D)
  A ball python skeleton (D)
  2 ball python zombies (D)
  A jackal skeleton (D)
  A jackal zombie (D)
71 creatures vanquished.

Vanquished Creatures (collateral kills)
  An azure jelly (D)
  A great orb of eyes (D)
  A boulder beetle (shapeshifter) (D)
  An ugly thing (D)
  A naga mage (D)
  2 yaktaurs (D)
7 creatures vanquished.

Vanquished Creatures (others)
  A very ugly thing (D)
  An ironbound preserver (D)
  A vampire mage (D)
  An ironbound convoker (D)
  A black mamba (D)
  A cane toad (shapeshifter) (D)
  A troll (shapeshifter) (D)
  2 adders (D)
9 creatures vanquished.

Grand Total: 87 creatures vanquished

Notes
Turn   | Place    | Note
-------+----------+-------------------------------------------
     0 | D        | concon the Demonspawn Necromancer began the quest for the
                  | Orb.
     0 | D        | Reached XP level 1. HP: 13/13 MP: 3/3
     0 | D        | Found a shimmering blue altar of Sif Muna.
     0 | D        | Found a sacrificial altar of Ru.
     0 | D        | Found a bloodstained altar of Trog.
     0 | D        | Found a stormy altar of Qazlal.
     0 | D        | Found an iron altar of Okawaru.
     0 | D        | Found a sparkling altar of Nemelex Xobeh.
     0 | D        | Found a blossoming altar of Fedhas.
     0 | D        | Found the +6 Majin-Bo {vamp, MP+6 Int+6}
     0 | D        | Found the +9 heavy crossbow "Sniper" {vorpal, Acc+∞ SInv}
     0 | D        | Found the +10 dark maul {vorpal}
     0 | D        | Found the +15 Maxwell's patent armour {-Cast -Tele rElec
                  | Will+ rCorr}
     0 | D        | Found the +18 shield of the Gong {rElec rN+ Will+ EV-5}
     0 | D        | Found the +14 obsidian axe {vorpal, Mesm Drain Fly SInv}
     0 | D        | Found the +7 great mace "Firestarter" {inner flame, rF++}
     0 | D        | Found the +6 shillelagh "Devastator" {shatter}
     0 | D        | Found the +11 plutonium sword {Contam Stlth-}
     0 | D        | Found the +8 lance "Wyrmbane" {slay drac, rPois rF+ rC+
                  | AC+3}
     0 | D        | Found the +9 sword of Zonguldrok {reap}
     0 | D        | Found the +13 scythe of Curses {drain, Drain}
     0 | D        | Found the +5 sword of Power {vorpal}
     0 | D        | Found the +7 mace of Variability {chain chaos}
     0 | D        | Found the +7 Singing Sword {vorpal, sonic wave}
     0 | D        | Found the +8 storm bow {elec, penet}
     2 | D        | Found a transporter.
     2 | D        | Found an ancient bone altar of Kikubaaqudgha.
     2 | D        | Found a viscous altar of Jiyva.
     2 | D        | Found a corrupted altar of Lugonu.
     2 | D        | Found a hazy altar of Hepliaklqana.
     2 | D        | Found a burning altar of Makhleb.
     2 | D        | Found an opulent altar of Gozag.
    28 | D        | Became a worshipper of Sif Muna the Loreminder
    41 | D        | Reached skill level 5 in Spellcasting
    41 | D        | Reached skill level 7 in Necromancy
    41 | D        | Gained mutation: You are partially covered in slimy green
                  | scales. (AC +2) [demonic ancestry]
    41 | D        | Reached XP level 2. HP: 19/19 MP: 5/8
    44 | D        | Entered arena 2.
    44 | D        | Noticed a slime creature
    44 | D        | Found a transporter.
    48 | D        | Reached skill level 8 in Necromancy
    48 | D        | Reached skill level 1 in Invocations
    48 | D        | Reached skill level 1 in Evocations
    48 | D        | Reached XP level 3. HP: 21/25 MP: 6/9
    49 | D        | Killed a slime creature
    50 | D        | Reached skill level 11 in Necromancy
    50 | D        | Gained mutation: You are mostly covered in slimy green
                  | scales. (AC +3) [demonic ancestry]
    50 | D        | Reached XP level 4. HP: 21/34 MP: 6/11
    50 | D        | Gained mutation: Your touch may inflict minor irresistible
                  | damage on your foes. [demonic ancestry]
    50 | D        | Reached XP level 5. HP: 24/39 MP: 6/13
   170 | D        | Learned a level 3 spell: Vampiric Draining
   171 | D        | Entered arena 3.
   171 | D        | Found the ring of the Hare {EV+8}
   171 | D        | Noticed a floating eye
   171 | D        | Found a transporter.
   173 | D        | Reached * piety under Sif Muna
   173 | D        | Killed a floating eye
   174 | D        | Reached XP level 6. HP: 47/47 MP: 14/14
   177 | D        | Reached skill level 12 in Necromancy
   198 | D        | Entered arena 4.
   198 | D        | Found a transporter.
   200 | D        | Reached ** piety under Sif Muna
   203 | D        | Reached skill level 5 in Invocations
   220 | D        | Got Vehumet's Essays on Combat Magic
   323 | D        | Entered arena 5.
   323 | D        | Found a transporter.
   325 | D        | Reached *** piety under Sif Muna
   326 | D        | Reached skill level 13 in Necromancy
   326 | D        | Gained mutation: Your touch may inflict irresistible damage
                  | on your foes. [demonic ancestry]
   326 | D        | Reached XP level 7. HP: 53/53 MP: 16/16
   342 | D        | Learned a level 6 spell: Simulacrum
   343 | D        | Entered arena 6.
   343 | D        | Found a transporter.
   344 | D        | Reached **** piety under Sif Muna
   346 | D        | Reached ***** piety under Sif Muna
   346 | D        | Received a gift from Sif Muna
   357 | D        | Learned a level 6 spell: Death Channel
   364 | D        | Entered arena 7.
   364 | D        | Noticed a centaur warrior
   364 | D        | Noticed a yaktaur
   364 | D        | Noticed a yaktaur
   364 | D        | Noticed a vault guard
   364 | D        | Noticed an ironbound preserver
   364 | D        | Noticed an ironbound convoker
   366 | D        | Found a transporter.
   368 | D        | Killed an ironbound convoker
   369 | D        | Reached skill level 1 in Ice Magic
   373 | D        | Killed a centaur warrior
   374 | D        | Reached skill level 14 in Necromancy
   374 | D        | Reached skill level 5 in Evocations
   374 | D        | Gained mutation: Your demonic aura sometimes causes spilled
                  | blood to erupt in flames. [demonic ancestry]
   374 | D        | Reached XP level 8. HP: 42/61 MP: 17/18
   376 | D        | Killed an ironbound preserver
   377 | D        | Reached skill level 5 in Fighting
   377 | D        | Reached skill level 5 in Dodging
   377 | D        | Reached skill level 15 in Necromancy
   377 | D        | Killed a yaktaur
   378 | D        | Reached XP level 9. HP: 24/68 MP: 17/20
   378 | D        | Killed a yaktaur
   393 | D        | Killed a vault guard
   394 | D        | Reached skill level 16 in Necromancy
   401 | D        | Got the ring of Larigh {Wiz Slay+6}
   633 | D        | Entered arena 8.
   633 | D        | Found the amulet of Vitality {RegenMP++ Regen++}
   633 | D        | Noticed a toenail golem
   633 | D        | Noticed a toenail golem
   633 | D        | Noticed a gargoyle
   633 | D        | Noticed a toenail golem
   633 | D        | Noticed a gargoyle
   634 | D        | Found a transporter.
   643 | D        | Killed a toenail golem
   650 | D        | Entered arena 9.
   658 | D        | Received a gift from Sif Muna
   663 | D        | Got Litwez's Reference Book on Hexes {god gift}
   664 | D        | Found a transporter.
   678 | D        | Learned a level 4 spell: Dispel Undead
   683 | D        | Learned a level 4 spell: Anguish
   789 | D        | Entered arena 10.
   789 | D        | Found the +7 lajatang of Order {silver, rMut}
   789 | D        | Noticed a black mamba
   789 | D        | Noticed a naga mage
   793 | D        | Received a gift from Sif Muna
   795 | D        | Reached skill level 1 in Staves
   795 | D        | Found a transporter.
   797 | D        | Killed a black mamba
   799 | D        | Received a gift from Sif Muna
   800 | D        | Reached XP level 10. HP: 66/77 MP: 22/22
   800 | D        | Got Sif Muna's Vellum of Reformed Outbursts {god gift}
   802 | D        | Killed a naga mage
   824 | D        | Entered arena 11.
   824 | D        | Noticed an apocalypse crab
   828 | D        | Reached ****** piety under Sif Muna
   828 | D        | Received a gift from Sif Muna
   832 | D        | Killed an apocalypse crab
   833 | D        | Reached skill level 5 in Ice Magic
   836 | D        | Found a transporter.
   946 | D        | Entered arena 12.
   946 | D        | Noticed a skeletal warrior
   947 | D        | Noticed a vampire mage
   947 | D        | Noticed a lich
   950 | D        | Found a transporter.
   952 | D        | Killed a skeletal warrior
   952 | D        | Received a gift from Sif Muna
   953 | D        | Reached skill level 17 in Necromancy
   953 | D        | Reached skill level 1 in Transmutations
   954 | D        | Killed a vampire mage
   955 | D        | Reached skill level 10 in Evocations
   959 | D        | Killed a lich
   960 | D        | Reached skill level 10 in Invocations
   961 | D        | Got Sif Muna's Dissertation on Sinister Secrets {god gift}
  1008 | D        | Got the amulet "Vighausch" {*Slow rC+++ Regen+ Str+2}
  1117 | D        | Entered arena 13.
  1117 | D        | Noticed a great orb of eyes
  1117 | D        | Noticed a great orb of eyes
  1118 | D        | Noticed a rockslime
  1118 | D        | Noticed an azure jelly
  1118 | D        | Noticed an eye of devastation
  1118 | D        | Paralysed by a great orb of eyes for 2 turns
  1120 | D        | Found a transporter.
  1126 | D        | Received a gift from Sif Muna
  1128 | D        | Killed an eye of devastation
  1129 | D        | Gained mutation: Spells you cast may paralyse adjacent
                  | enemies. [demonic ancestry]
  1129 | D        | Reached XP level 11. HP: 9/86 MP: 24/24
  1129 | D        | Killed a great orb of eyes
  1133 | D        | Killed a great orb of eyes
  1134 | D        | Reached skill level 10 in Spellcasting
  1141 | D        | Killed a rockslime
  1141 | D        | Received a gift from Sif Muna
  1141 | D        | Killed an azure jelly
  1142 | D        | Got Sif Muna's Grimoire of Grim Evolution {god gift}
  1156 | D        | Got the amulet of Voesepam {Reflect Dex+6 Slay+3 SH+5}
  1164 | D        | Got Sigikhla's Further Steps in Spellweaving
  1168 | D        | Got the Collected Works on Sepulchral Guile
  1272 | D        | Entered arena 14.
  1276 | D        | Noticed a white ugly thing
  1277 | D        | Noticed a sea snake
  1277 | D        | Noticed a red ugly thing
  1277 | D        | Noticed a steelbarb worm
  1277 | D        | Noticed a purple ugly thing
  1277 | D        | Noticed a white very ugly thing
  1277 | D        | Noticed a cyan ugly thing
  1280 | D        | a sea snake changed into a cyclops
  1281 | D        | Noticed a steelbarb worm
  1281 | D        | a cyclops changed into a steelbarb worm
  1282 | D        | Noticed a harpy
  1282 | D        | a black bear changed into a harpy
  1283 | D        | Reached skill level 1 in Hexes
  1283 | D        | Reached skill level 18 in Necromancy
  1283 | D        | Noticed a jorogumo
  1283 | D        | a slime creature changed into a jorogumo
  1285 | D        | Noticed a great orb of eyes
  1285 | D        | a jorogumo changed into a great orb of eyes
  1286 | D        | a steelbarb worm changed into a guardian serpent
  1286 | D        | a steelbarb worm changed into a slime creature
  1287 | D        | Killed a white ugly thing
  1288 | D        | Reached skill level 5 in Stealth
  1293 | D        | Noticed an ice dragon
  1293 | D        | a great orb of eyes changed into an ice dragon
  1293 | D        | Killed a brown very ugly thing
  1294 | D        | Noticed a great orb of eyes
  1294 | D        | a slime creature changed into a great orb of eyes
  1295 | D        | Killed a brown ugly thing
  1296 | D        | Reached skill level 5 in Transmutations
  1296 | D        | Found a transporter.
  1296 | D        | an ice dragon changed into a tyrant leech
  1298 | D        | Noticed a spark wasp
  1298 | D        | a great orb of eyes changed into a spark wasp
  1299 | D        | Noticed a boulder beetle
  1299 | D        | a spark wasp changed into a boulder beetle
  1300 | D        | a boulder beetle changed into something unseen
  1301 | D        | Noticed a wolf spider
  1301 | D        | a tyrant leech changed into a wolf spider
  1302 | D        | a harpy changed into a yaktaur
  1303 | D        | Killed a brown ugly thing
  1303 | D        | Received a gift from Sif Muna
  1304 | D        | Noticed a radroach
  1304 | D        | a wolf spider changed into a radroach
  1305 | D        | Noticed an anaconda
  1305 | D        | a radroach changed into an anaconda
  1307 | D        | Killed a cyan ugly thing
  1313 | D        | Noticed an emperor scorpion
  1315 | D        | Noticed a shadow dragon
  1315 | D        | an emperor scorpion changed into a shadow dragon
  1315 | D        | Killed an anaconda
  1316 | D        | Reached XP level 12. HP: 51/95 MP: 27/27
  1320 | D        | Noticed an iron giant
  1320 | D        | a shadow dragon changed into an iron giant
  1321 | D        | Noticed an azure jelly
  1321 | D        | an iron giant changed into an azure jelly
  1324 | D        | Noticed a boulder beetle
  1324 | D        | an azure jelly changed into a boulder beetle
  1327 | D        | Killed a boulder beetle
  1340 | D        | Got Sif Muna's Catalogue of Attacks and Transfiguration
                  | {god gift}
  1546 | D        | Entered arena 15.
  1556 | D        | Learned a level 8 spell: Necromutation
  1556 | D        | Noticed a death scarab
  1556 | D        | Noticed a royal mummy
  1556 | D        | Noticed a mummy priest
  1557 | D        | Noticed a mummy priest
  1557 | D        | Noticed a mummy priest
  1557 | D        | Noticed a royal mummy
  1557 | D        | Noticed a royal mummy
  1557 | D        | Found the +5 glaive of the Guard {elec, spectral, AC+5}
  1559 | D        | Noticed an emperor scorpion
  1559 | D        | Noticed an emperor scorpion
  1559 | D        | Noticed an emperor scorpion
  1561 | D        | Noticed an emperor scorpion
  1561 | D        | Noticed an emperor scorpion
  1563 | D        | Noticed a death scarab
  1563 | D        | Noticed a death scarab
  1564 | D        | Noticed a death scarab
  1564 | D        | Noticed a death scarab
  1564 | D        | Noticed a death scarab
  1564 | D        | Noticed a death scarab
  1564 | D        | Noticed a death scarab
  1567 | D        | Slain by an emperor scorpion

Illustrated notes

Levels and vault maps discovered:
D:        sprint_v [room_start, room_1, room_2, room_3, room_4, room_5, room_6,
          room_7, room_8, room_9, room_10, room_11, room_12, room_13, room_14,
          room_15, room_16, room_17, room_18, room_19, room_20, room_21,
          room_22, room_23, room_24, room_25, room_26, room_27]

Skill      XL: |  1  2  3  4  5  6  7  8  9 10 11 |
---------------+----------------------------------+-----
Spellcasting   | 5 6 7 8 9 11 | 11.7
Necromancy     | 7 8 11 13 14 15 16 17 18 | 18.6
Dodging        | 2 3 4 5 6 7 8 |  8.8
Invocations    | 1 3 4 5 6 7 8 10 12 | 12.2
Evocations     | 1 2 3 5 6 8 10 12 | 12.7
Fighting       | 2 3 4 5 6 7 9 |  9.4
Stealth        | 2 3 4 5 |  5.0
Ice Magic      | 2 3 4 6 |  6.8
Staves         | 1 3 4 |  4.5
Transmutations | 3 5 |  5.6
Hexes          | 1 |  1.0

Action                   |  1- 3 |  4- 6 |  7- 9 | 10-12 || total
-------------------------+-------+-------+-------+-------++-------
Melee: Quarterstaff      |       |       |    10 |     5 ||    15
 Cast: Necrotise         |       |     6 |       |       ||     6
       Death Channel     |       |       |     2 |     3 ||     5
       Anguish           |       |       |     1 |     1 ||     2
       Dispel Undead     |       |       |       |     3 ||     3
Evoke: Lightning rod     |     5 |     6 |    22 |    33 ||    66
       Wand              |       |       |     5 |     4 ||     9
       Condenser vane    |       |       |       |     3 ||     3
  Use: Potion            |     1 |       |     1 |     7 ||     9
       Scroll            |       |       |     1 |     2 ||     3
Armor: Robe              |       |       |     3 |    11 ||    14
Dodge: Dodged            |       |     3 |    34 |    67 ||   104
